 Dungeon Crawl Stone Soup version 0.31-a0-180-g519b7de00c (webtiles) character file.

Game seed: 12616085388846804650

353 qw the Chopper (level 6, -2/38 HPs)
             Began as a Gargoyle Fighter on June 20, 2023.
             Slain by Prince Ribbit (10 damage)
             ... on level 6 of the Dungeon.
             The game lasted 00:01:21 (2474 turns).

qw the Chopper (Gargoyle Fighter)                   Turns: 2474, Time: 00:01:21

Health: -2/38      AC: 14    Str: 22    XL:     6   Next: 62%
Magic:  6/6        EV:  9    Int:  8    God:
Gold:   167        SH:  4    Dex:  9    Spells: 5/5 levels left

rFire   . . .        Y - +0 war axe
rCold   . . .        c - +0 buckler
rNeg    + . .        b - +0 scale mail
rPois   inf          g - +1 helmet
rElec   +            (no cloak)
rCorr   .            l - +0 pair of gloves
SInv    .            (no boots)
Will    .....        (no amulet) Stlth
                     (no ring)
HPRegen 0.26/turn    (no ring)
MPRegen 0.10/turn

%: no passive effects
@: no status effects
A: sickness immunity, AC +4, negative energy resistance 1, electricity
resistance, torment resistance 1, petrification resistance
a: no special abilities


You were on level 6 of the Dungeon.
You visited 1 branch of the dungeon, and saw 6 of its levels.

You collected 167 gold pieces.


Innate Abilities, Weirdness & Mutations

You are immune to sickness and miasma.
Your stone body is resilient. (AC +4)
You are immune to poison.
You resist negative energy. (rN+)
You are resistant to electric shocks. (rElec)
You are resistant to unholy torment.
You are immune to petrification.


   Skills:
 - Level 4.0 Fighting
 + Level 5.7 Axes
 - Level 3.2 Armour
 - Level 1.0 Dodging
 - Level 3.2 Shields


You had 5 spell levels left.
You didn't know any spells.
Your spell library was empty.

Inventory:

Hand Weapons
 f - a +0 mace
 Y - a +0 war axe (weapon)
Armour
 b - a +0 scale mail (worn)
 c - a +0 buckler (worn)
 g - a +1 helmet (worn)
 l - a +0 pair of gloves (worn)
 n - a +0 chain mail
Scrolls
 k - a scroll of identify
Potions
 a - a potion of berserk rage {unknown}
 d - a potion of might
 e - a potion of degeneration {unknown}
 h - a potion of enlightenment {unknown}
 i - a potion of magic {unknown}
 m - a potion of lignification {unknown}

Dungeon Overview and Level Annotations

Branches:
Dungeon (7/15)
 Temple: D:4-7

Altars:

Annotations:
D:6 Prince Ribbit


Message History

The white imp gestures at you. The puff of frost hits you.
You slash the white imp!
You kill the white imp!
You start resting.
HP restored.
You now have 150 gold pieces (gained 11).
You now have 167 gold pieces (gained 17).
Prince Ribbit comes into view.
Found 12 gold pieces.
Prince Ribbit blinks!
Prince Ribbit moves out of view.
Enter note:
Enter note: Prince Ribbit is nearby!
Enter note: Prince Ribbit lets out a mournful croak.
You barely miss Prince Ribbit.
Prince Ribbit blinks!
Prince Ribbit blinks!
Prince Ribbit blinks!
You miss Prince Ribbit. Prince Ribbit hits you! Prince Ribbit hits you.
You closely miss Prince Ribbit. Prince Ribbit hits you!
Prince Ribbit barely misses you.
You slash Prince Ribbit!
Prince Ribbit is moderately wounded.
Prince Ribbit hits you but does no damage.
You block Prince Ribbit's attack.
You miss Prince Ribbit.
Prince Ribbit is moderately wounded.
Prince Ribbit hits you but does no damage.
You hit Prince Ribbit.
Prince Ribbit is heavily wounded.
Prince Ribbit hits you! Prince Ribbit barely misses you.
You miss Prince Ribbit.
Prince Ribbit is heavily wounded.
Prince Ribbit completely misses you. Prince Ribbit closely misses you.
You barely miss Prince Ribbit.
Prince Ribbit is heavily wounded.
Prince Ribbit hits you!
You die...

## .## # #. .###. .###.
######+ ##. .#.###.#.
#......##.# #...#...#
#.......#.#####...#...##
#.....F@..#...#...#...#.
#......###.....#.###.#..
#...... ##...###...###.
#...... ##.###.#.....#.#
.$..... #...#...#...#...
....##. #...#...#####...
.... .. #...#...# #...
... ## ##.###.#. .#.#
##. .###. .###.


You could see Prince Ribbit.

Vanquished Creatures
  An ice beast (D:7)
  A scorpion (D:6)
  An orc priest (D:6)
  2 hounds (D:4)
  2 orc wizards
  A white imp (D:6)
  A worm (D:2)
  2 dart slugs (D:3)
  8 orcs
  3 ball pythons (D:2)
  3 bats
  4 endoplasms
  4 giant cockroaches
  6 goblins
  5 hobgoblins
  2 jackals (D:1)
  A quokka (D:3)
  A frilled lizard (D:1)
  A kobold (D:3)
  2 rats (D:3)
51 creatures vanquished.

Notes
Turn   | Place    | Note
-------+----------+-------------------------------------------
     0 | D:1      | qw the Gargoyle Fighter began the quest for the Orb.
     0 | D:1      | Reached XP level 1. HP: 14/14 MP: 1/1
     0 | D:1      | 0 ||| qw: Version: 0.3-a-9-g12657ce
     0 | D:1      | 0 ||| qw: Game counter: 1163
     0 | D:1      | 0 ||| qw: Always use a shield: true
     0 | D:1      | 0 ||| qw: God list: Okawaru
     0 | D:1      | 0 ||| qw: Allow faded altars: false
     0 | D:1      | 0 ||| qw: Do Orc after D:15 true
     0 | D:1      | 0 ||| qw: Do second Lair branch before Depths: true
     0 | D:1      | 0 ||| qw: Lair rune preference: random
     0 | D:1      | 0 ||| qw: Plans: Normal, Zot:1-4, Slime:5, God:TSO, Crypt,
                  | Tomb, Abyss, Pan, Hells, Win
     0 | D:1      | 0 ||| PLANNING D:1-11
   131 | D:1      | Reached skill level 2 in Axes
   303 | D:1      | Reached XP level 2. HP: 19/19 MP: 2/2
   542 | D:1      | 542 ||| UPGRADING to +2 hat.
   547 | D:1      | 547 ||| READING scroll labelled MAOMEO SADAMI.
   560 | D:1      | 560 ||| READING scroll labelled RASOPOBISU.
   706 | D:2      | Reached skill level 3 in Axes
   784 | D:2      | Reached XP level 3. HP: 22/23 MP: 3/3
  1141 | D:2      | 1141 ||| UPGRADING to +1 helmet.
  1151 | D:2      | 1151 ||| DROPPING +2 hat.
  1236 | D:3      | 1236 ||| Stepping ~*~*~tactically~*~*~ (hiding).
  1241 | D:3      | 1241 ||| STAIRDANCE
  1295 | D:3      | HP: 1/23 [something/magic dart (7)]
  1305 | D:3      | HP: 2/23 [something (2)]
  1312 | D:3      | Reached skill level 4 in Axes
  1312 | D:3      | Reached XP level 4. HP: 2/28 MP: 4/4
  1420 | D:3      | 1420 ||| DROPPING +0 club.
  1482 | D:3      | 1482 ||| Stepping ~*~*~tactically~*~*~ (stealth).
  1487 | D:3      | 1487 ||| Stepping ~*~*~tactically~*~*~ (stealth).
  1488 | D:3      | 1488 ||| Stepping ~*~*~tactically~*~*~ (stealth).
  1489 | D:3      | 1489 ||| Stepping ~*~*~tactically~*~*~ (stealth).
  1790 | D:3      | 1790 ||| UPGRADING to +0 pair of gloves.
  1795 | D:3      | 1795 ||| READING 2 scrolls labelled BIUFEA BATUJIYKE.
  1796 | D:3      | 1796 ||| READING scroll labelled YPOPLO ZIBRIYTZ.
  1801 | D:3      | 1801 ||| DRINKING 2 grey potions.
  1912 | D:4      | Reached XP level 5. HP: 27/32 MP: 5/5
  2038 | D:4      | Noticed a phantom
  2050 | D:4      | You fall into a shaft and drop 3 floors!
  2058 | D:7      | Noticed an ice beast
  2070 | D:7      | Killed an ice beast
  2071 | D:7      | Reached skill level 5 in Axes
  2071 | D:7      | Reached XP level 6. HP: 15/37 MP: 6/6
  2167 | D:7      | 2167 ||| DROPPING +1 helmet.
  2168 | D:7      | 2168 ||| READING scroll labelled YWKAOM ALIERU.
  2269 | D:6      | 2269 ||| Stepping ~*~*~tactically~*~*~ (hiding).
  2280 | D:6      | 2280 ||| DRINKING potion of curing.
  2280 | D:6      | 2280 ||| (to cure confusion)
  2282 | D:6      | Reached skill level 1 in Dodging
  2324 | D:6      | 2324 ||| DROPPING +0 whip.
  2457 | D:6      | Noticed Prince Ribbit
  2472 | D:6      | HP: 8/38 [Prince Ribbit (12)]
  2474 | D:6      | Slain by Prince Ribbit

Levels and vault maps discovered:
D:1:      wander_arrival_estate, layout_basic
D:2:      layout_basic
D:3:      layout_rooms, minivault_14
D:4:      layout_basic, serial_glass, glass_columns_c, glass_columns_b,
          supply_closet_lemuel
D:6:      nicolae_cairo_tiling, layout_basic, hangedman_decor_slide_cut,
          uniq_duvessa, uniq_prince_ribbit1, uniq_crazy_yiuf_cottage
D:7:      minmay_evil_eye, layout_gridville, mainiacjoe_overflow_alcove_2,
          jmf_multi_god_temple2, temple_pool_b, hellmonk_no_cap

Skill      XL: |  1  2  3  4  5  6 |
---------------+-------------------+-----
Axes           | 2 3 4 5 |  5.7
Fighting       | 4 |  4.0
Dodging        | 1 |  1.0
Armour         | |  3.2
Shields        | |  3.2

Action                     |  1- 3 |  4- 6 || total
---------------------------+-------+-------++-------
  Melee: War axe           |   106 |    97 ||   203
    Use: Scroll            |     2 |     3 ||     5
         Potion            |       |     2 ||     2
   Stab: Sleeping          |       |     1 ||     1
 Armour: Scale mail        |    97 |    42 ||   139
  Dodge: Dodged            |    57 |    45 ||   102
  Block: Buckler           |    22 |    11 ||    33

Table legend:
 A = Non-vault XP
 B = Vault XP
 C = Vault XP percentage of total XP
 D = Non-vault monster count
 E = Vault monster count
 F = Vault count percentage of total count
                 A         B        C        D         E       F
            +---------+---------+-------+---------+---------+-------
      Total |     505 |       0 |   0.0 |      51 |       0 |   0.0
            +---------+---------+-------+---------+---------+-------
        D:1 |      21 |       0 |   0.0 |      11 |       0 |   0.0
        D:2 |      22 |       0 |   0.0 |      10 |       0 |   0.0
        D:3 |      71 |       0 |   0.0 |      16 |       0 |   0.0
        D:4 |      88 |       0 |   0.0 |       5 |       0 |   0.0
        D:6 |     178 |       0 |   0.0 |       7 |       0 |   0.0
        D:7 |     125 |       0 |   0.0 |       2 |       0 |   0.0
            +---------+---------+-------+---------+---------+-------
